 Dungeon Crawl Stone Soup version 0.22-a0-348-gd16d139 (webtiles) character file.

240 grindst0ne the Skirmisher (level 6, -5/50 HPs)
             Began as a Formicid Abyssal Knight on Apr 9, 2018.
             Was a Believer of Lugonu.
             Slain by a crocodile (10 damage)
             ... in a sewer.
             The game lasted 00:06:41 (4030 turns).

grindst0ne the Skirmisher (Formicid Abyssal Knight) Turns: 4030, Time: 00:06:42

Health: -5/50      AC: 10    Str: 17    XL:     6   Next: 29%
Magic:  8/9        EV:  7    Int: 13    God:    Lugonu [**....]
Gold:   121        SH:  0    Dex: 10    Spells: 5/5 levels left

rFire    . . .     SeeInvis +   a - +1 falchion
rCold    . . .     Gourm    .   (no shield)
rNeg     . . .     Faith    .   p - +0 chain mail
rPois    .         Spirit   .   (helmet unavailable)
rElec    .         Reflect  .   (no cloak)
rCorr    .         Harm     .   (no gloves)
MR       .....                  f - +1 pair of boots
Stlth    ..........             (no amulet)
HPRegen  0.16/turn              (no ring)
MPRegen  0.11/turn              (no ring)

@: no status effects
A: permanent stasis, dig shafts and tunnels, four strong arms, antennae 3
a: Dig, Shaft Self, Depart the Abyss, Bend Space, Renounce Religion


You were in a sewer.
You worshipped Lugonu.
Lugonu was pleased with you.
You were not hungry.

You visited 1 branch of the dungeon, and saw 3 of its levels.
You visited the Abyss 1 time.
You also visited: Sewer.

You collected 121 gold pieces.

Inventory:

Hand Weapons
 a - a +1 falchion (weapon)
 b - a +0 blowgun
Armour
 f - a +1 pair of boots (worn)
 n - a +0 leather armour
 p - a +0 chain mail (worn)
Scrolls
 e - 3 scrolls of blinking
 g - 2 scrolls of identify {unknown}
 i - 2 scrolls of enchant weapon {unknown}
 j - 2 scrolls of teleportation {unknown}
 k - a scroll of enchant armour {unknown}
 l - a scroll of remove curse {unknown}
 m - a scroll of random uselessness {unknown}
Potions
 d - a potion of berserk rage {unknown}
 h - 2 potions of degeneration
Comestibles
 c - a ration


   Skills:
 + Level 4.9 Fighting
 + Level 3.9 Long Blades
 - Level 2.1 Armour
 - Level 0.8 Dodging
 + Level 4.5 Invocations


You had 5 spell levels left.
You didn't know any spells.

Dungeon Overview and Level Annotations

Branches:
Dungeon (3/15)

Altars:
Ashenzari

Annotations:
D:1 exclusion: downstairs
D:3 Sigmund


Innate Abilities, Weirdness & Mutations

You cannot be hasted, slowed, berserked, paralysed or teleported.
You can dig through walls and to a lower floor.
Your four strong arms can wield two-handed weapons with a shield.
You have a pair of large antennae on your head. (SInv)


Message History

The crocodile bites you!
You slash the crocodile!
The crocodile is heavily wounded.
The crocodile barely misses you.
You barely miss the crocodile.
The crocodile is heavily wounded.
The crocodile bites you! The crocodile bites you.
You barely miss the crocodile.
The crocodile is moderately wounded.
The crocodile bites you.
You closely miss the crocodile.
The crocodile is moderately wounded.
The crocodile bites you.
* * * LOW HITPOINT WARNING * * *
You hit the crocodile but do no damage.
The crocodile is moderately wounded.
The crocodile bites you!
* * * LOW HITPOINT WARNING * * *
Space bends around you!
You blink.
The crocodile bites you!
You die...

##...## ##.## #.#
#.# #.# #.# #.# ..
###########.####....
#§t@................
################....
..


You could see a crocodile.

Vanquished Creatures
  An orc wizard (D:3)
  Natasha (twice) (D:2)
  4 gnolls (D:2)
  5 adders
  4 dart slugs
  4 leopard geckos
  An orc (D:3)
  A ball python (D:3)
  9 bats
  4 giant cockroaches
  8 hobgoblins
  8 jackals
  A quokka (D:2)
  3 frilled lizards
  5 goblins
  3 kobolds
  3 rats
66 creatures vanquished.

Notes
Turn   | Place    | Note
-------+----------+-------------------------------------------
     0 | Abyss:1  | grindst0ne the Formicid Abyssal Knight began the quest for the Orb.
     0 | Abyss:1  | Reached XP level 1. HP: 18/18 MP: 2/2
    26 | Abyss:1  | Noticed a wraith
    29 | Abyss:1  | Noticed a small abomination
    30 | Abyss:1  | Noticed a small abomination
    30 | D:1      | Escaped the Abyss
   152 | D:1      | Reached XP level 2. HP: 24/24 MP: 3/3
   478 | D:1      | Reached XP level 3. HP: 25/30 MP: 5/5
   480 | D:1      | Reached * piety under Lugonu
   715 | D:1      | Found a shattered altar of Ashenzari.
  1416 | D:2      | Reached XP level 4. HP: 37/37 MP: 6/6
  2116 | D:2      | Noticed Natasha
  2121 | D:2      | Killed Natasha
  2121 | D:2      | Reached XP level 5. HP: 32/43 MP: 7/7
  2255 | D:2      | Noticed Natasha
  2271 | D:2      | Killed Natasha
  3197 | D:3      | Noticed an orc warrior
  3215 | D:3      | Reached XP level 6. HP: 29/49 MP: 9/9
  3270 | D:3      | Reached ** piety under Lugonu
  3392 | D:3      | Noticed Sigmund
  3756 | D:3      | Found a glowing drain.
  3765 | Sewer    | Entered a sewer
  4030 | Sewer    | Slain by a crocodile

Vault maps used:
D:1:      lightli_arrival_chessboard, evilmike_ruin_ashenzari
D:2:      minmay_fountain_box, uniq_natasha
D:3:      portal_sewer_entry_d, uniq_sigmund
Sewer:    sewer_big_baddie

Skill      XL: |  1  2  3  4  5 |
---------------+----------------+-----
Invocations    | 3 4 |  4.5
Fighting       | 4 |  4.9
Long Blades    | 3 |  3.9
Armour         | |  2.1
Dodging        | |  0.8

Action                   |  1- 3 |  4- 6 || total
-------------------------+-------+-------++-------
Melee: Falchion          |    63 |   142 ||   205
 Fire: Blowgun           |       |     6 ||     6
Invok: Depart the Abyss  |     1 |       ||     1
       Bend Space        |       |     1 ||     1
  Use: Potion            |     1 |     3 ||     4
       Scroll            |       |     1 ||     1
  Eat: Chunk             |     2 |     8 ||    10
Armor: Leather armour    |    13 |    36 ||    49
       Chain mail        |       |    36 ||    36
Dodge: Dodged            |    38 |   102 ||   140
       Rpst.: Falchion   |    17 |    32 ||    49

Table legend:
 A = Spawn XP
 B = Non-spawn XP
 C = Spawn XP percentage of total XP
 D = Spawn monster count
 E = Non-spawn monster count
 F = Spawn count percentage of total count
 G = Total turns spent on level
                    A         B        C        D         E        F      G
               +---------+---------+-------+---------+---------+-------+---------
         Total |       0 |     343 |   0.0 |       0 |      66 |   0.0 |  4030
               +---------+---------+-------+---------+---------+-------+---------
           D:1 |       0 |      36 |   0.0 |       0 |      19 |   0.0 |  1342
           D:2 |       0 |     190 |   0.0 |       0 |      26 |   0.0 |  2082
           D:3 |       0 |     110 |   0.0 |       0 |      16 |   0.0 |   311
         Sewer |       0 |       7 |   0.0 |       0 |       5 |   0.0 |   265
               +---------+---------+-------+---------+---------+-------+---------
